 Dungeon Crawl Stone Soup version 0.30-a0-1164-ge08a67761e (webtiles) character file.

Game seed: 5304598876402624549

28 Rrauwl the Skirmisher (level 3, 0/31 HPs)
             Began as a Gnoll Hunter on Apr 29, 2023.
             Slain by a goblin
             ... wielding a +0 club
             ... led by Robin
              (4 damage)
             ... on level 2 of the Dungeon.
             The game lasted 00:02:41 (720 turns).

Rrauwl the Skirmisher (Gnoll Hunter)                 Turns: 720, Time: 00:02:41

Health: 0/31       AC:  3    Str: 10    XL:     3   Next: 12%
Magic:  4/4        EV: 13    Int:  8    God:
Gold:   95         SH:  0    Dex: 17    Spells: 3/3 levels left

rFire   . . .        a - +0 shortbow
rCold   . . .        (shield currently unavailable)
rNeg    . . .        c - +0 leather armour
rPois   .            (no helmet)
rElec   .            (no cloak)
rCorr   .            (no gloves)
SInv    .            (no boots)
Will    .....        (no amulet)
Stlth   ++           (no ring)
HPRegen 0.25/turn    (no ring)
MPRegen 0.09/turn

%: no passive effects
@: attractive
A: fangs 1, strong nose, distributed training, talons 1
a: no special abilities


You were on level 2 of the Dungeon.
You visited 1 branch of the dungeon, and saw 2 of its levels.

You collected 95 gold pieces.

Inventory:

Hand Weapons
 a - a +0 shortbow (weapon)
Armour
 c - a +0 leather armour (worn)
Scrolls
 b - 2 scrolls of immolation
 f - a scroll of enchant armour {unknown}


   Skills:
 + Level 4.5 Fighting
 + Level 0.7 Short Blades
 + Level 0.7 Long Blades
 + Level 0.7 Axes
 + Level 0.7 Maces & Flails
 + Level 0.7 Polearms
 + Level 0.7 Staves
 + Level 8.5 Ranged Weapons
 + Level 0.7 Throwing
 + Level 0.7 Armour
 + Level 4.5 Dodging
 + Level 2.3 Stealth
 + Level 0.7 Shields
 + Level 0.7 Unarmed Combat
 + Level 0.7 Spellcasting
 + Level 0.5 Conjurations
 + Level 0.5 Hexes
 + Level 0.5 Summonings
 + Level 0.5 Necromancy
 + Level 0.5 Translocations
 + Level 0.5 Transmutations
 + Level 0.5 Fire Magic
 + Level 0.5 Ice Magic
 + Level 0.5 Air Magic
 + Level 0.5 Earth Magic
 + Level 0.5 Poison Magic
 + Level 0.9 Invocations
 + Level 0.7 Evocations


You had 3 spell levels left.
You didn't know any spells.
Your spell library contained the following spells:

 Spells                   Type           Power      Damage    Failure   Level
 Necrotise                Necr           4%         1d4       41%         1
 Vampiric Draining        Necr           1%         2d6       80%         3
 Agony                    Necr           1%         N/A       100%        5


Dungeon Overview and Level Annotations

Branches:
Dungeon (2/15)

Altars:

Annotations:
D:2 Robin


Innate Abilities, Weirdness & Mutations

You have very sharp teeth.
Your uncanny sense of smell can sniff out nearby items.
Your experience applies equally to all skills.
You have sharp toenails.


Message History

The goblin closely misses you. The goblin hits you with a +0 club.
You shoot an arrow. The arrow hits the goblin.
The goblin is heavily wounded.
The goblin hits you with a +0 dagger.
Robin hits you from afar with a +0 spear.
The goblin barely misses you. The goblin attacks as you move away!
The goblin barely misses you. Robin hits you but does no damage.
The goblin hits you but does no damage.
Robin flexes a bicep menacingly.
Robin misses you. The goblin attacks as you move away! The goblin misses you.
Robin throws the goblin at you! The goblin hits you with a +0 club.
The goblin attacks as you move away! The goblin barely misses you.
The goblin attacks as you move away! The goblin closely misses you.
You are too injured to fight recklessly!
The goblin attacks as you move away! The goblin hits you but does no damage.
Robin roars a battlecry!
The goblins go into a battle-frenzy!
You aren't carrying any items that you can evoke.
It was a potion of attraction.
You feel attractive to monsters. The goblin misses you.
Robin is attracted toward you.
It was a potion of mutation.
You feel extremely strange.
Your toenails lengthen and sharpen.
The goblin barely misses you. Robin throws the goblin at you!
The goblin hits you with a +0 club. Robin is attracted toward you.
Robin attacks as you move away! Robin hits you with a +0 spear.
The goblin closely misses you. Robin barely misses you.
Robin throws the goblin at you! The goblin closely misses you.
Robin is attracted toward you. The hobgoblin is attracted toward you.
Robin throws the goblin at you! The goblin barely misses you.
Robin throws the goblin at you! The goblin hits you with a +0 club.
* * * LOW HITPOINT WARNING * * *
Robin is attracted toward you. Robin closely misses you.
The goblin barely misses you. The goblin attacks as you move away!
The goblin hits you with a +0 dagger.
* * * LOW HITPOINT WARNING * * *
The goblin attacks as you move away! The goblin hits you with a +0 club.
You die...

∆ ############# .
........g...#####
..# #..gg@.......
....####
##.#.##.####. ...
...######.#....#
.#.###.##...§...#..#
#........g§........#
.....#§##[###.#..###
....##.##.# #.##.#
#......##.# #.##.#
.###g####.###.##.#


You could see Robin and 2 goblins.

Vanquished Creatures
  A dart slug (D:1)
  A ball python (D:1)
  7 endoplasms
  A giant cockroach (D:1)
  4 goblins
  A hobgoblin (D:2)
  A kobold (D:1)
  3 quokkas
  A frilled lizard (D:2)
20 creatures vanquished.

Notes
Turn   | Place    | Note
-------+----------+-------------------------------------------
     0 | D:1      | Rrauwl the Gnoll Hunter began the quest for the Orb.
     0 | D:1      | Reached XP level 1. HP: 20/20 MP: 1/1
   104 | D:1      | Reached XP level 2. HP: 26/26 MP: 2/2
   683 | D:2      | Reached XP level 3. HP: 31/31 MP: 3/3
   695 | D:2      | Noticed Robin
   713 | D:2      | Gained mutation: You have sharp toenails. [potion of
                  | mutation]
   720 | D:2      | Slain by a goblin

Illustrated notes

Levels and vault maps discovered:
D:1:      sevenhm_arrival_forest_fort_small_4, layout_rooms, chequers_garden
D:2:      wander_river, layout_basic, uniq_terence, uniq_robin

Action                     || total
---------------------------++-------
   Fire: Shortbow          ||    49
    Use: Scroll            ||     4
         Potion            ||     2
 Armour: Leather armour    ||    11
  Dodge: Dodged            ||    16

Table legend: (Time is in decaauts)
 A = Elapsed time spent in this place.
 B = Non-inter-level travel time spent in this place.
 C = Inter-level travel time spent in this place.
 D = Time resting spent in this place.
 E = Time spent auto-exploring this place.
 F = Levels seen in this place.
 G = Mean time per level.
                   A        B        C        D        E       F      G
               +--------+--------+--------+--------+--------+-----+--------+
         Total |    734 |    719 |     15 |    100 |    495 |   2 |  367.0 |
       Dungeon |    734 |    719 |     15 |    100 |    495 |   2 |  367.0 |
               +--------+--------+--------+--------+--------+-----+--------+

Top non-repeatable levels by time:
     D:1: 548 daAuts
     D:2: 186 daAuts
